 Dungeon Crawl Stone Soup version 0.23.0-42-geed6394480 (webtiles) character file.

Game seed: 0

476 1994 the Stinger (level 7, -1/60 HPs)
             Began as a Naga Venom Mage on Mar 1, 2019.
             Was an Initiate of Ru.
             Slain by a phantom (3 damage)
             ... on level 4 of the Dungeon.
             The game lasted 00:20:10 (5005 turns).

1994 the Stinger (Naga Venom Mage)                  Turns: 5005, Time: 00:20:10

Health: -1/60      AC:  3    Str: 10    XL:     7   Next: 10%
Magic:  12/12      EV: 11    Int: 17    God:    Ru [......]
Gold:   221        SH:  0    Dex: 17    Spells: 2/12 levels left

rFire    . . .     SeeInvis +     - Unarmed
rCold    . . .     Gourm    .   (no shield)
rNeg     . . .     Faith    .   a - +0 robe
rPois    +         Spirit   .   (no helmet)
rElec    .         Reflect  .   (no cloak)
rCorr    .         Harm     .   (no gloves)
MR       .....                  (no barding)
Stlth    +++.......             (no amulet)
HPRegen  0.20/turn              m - +5 ring of dexterity
MPRegen  0.13/turn              (no ring)

@: very slow
A: large, see invisible, deformed body, poison resistance, slowness 2, slow
metabolism 1, spit poison 1, AC +2
a: Spit Poison, Renounce Religion


You were on level 4 of the Dungeon.
You worshipped Ru.
Ru was noncommittal.
You were not hungry.

You visited 1 branch of the dungeon, and saw 5 of its levels.

You collected 221 gold pieces.

Inventory:

Missiles
 i - 93 arrows
Armour
 a - a +0 robe (worn)
 n - a +0 leather armour
Jewellery
 m - a +5 ring of dexterity (left hand)
Scrolls
 b - 3 scrolls of remove curse {unknown}
 d - a scroll of identify
 f - a scroll of random uselessness {unknown}
 g - a scroll of magic mapping {unknown}
 k - 2 scrolls of enchant weapon {unknown}
 l - 2 scrolls of noise {unknown}
 o - a scroll of blinking {unknown}
 p - a scroll of teleportation {unknown}
Potions
 e - 3 potions of resistance
 j - a potion of cancellation
Comestibles
 c - 6 rations
 q - 2 chunks of flesh


   Skills:
 + Level 2.0 Fighting
 + Level 2.5 Dodging
 - Level 4.6 Stealth
 + Level 2.0 Unarmed Combat
 * Level 3.3 Spellcasting
 + Level 2.6 Conjurations
 + Level 1.8 Air Magic
 + Level 5.3 Poison Magic


You had 2 spell levels left.
You knew the following spells:

 Your Spells              Type           Power        Failure   Level  Hunger
a - Sting                 Conj/Pois      ###.         3%          1    None
b - Poisonous Vapours     Pois/Air       ###...       6%          2    ##.....
c - Mephitic Cloud        Conj/Pois/Air  ##......     13%         3    ###....
d - Olgreb's Toxic Radia  Pois           ###.....     19%         4    ####...

Your spell library contained the following spells:

 Spells                   Type           Power        Failure   Level  Hunger
 Magic Dart               Conj           ##..         6%          1    None
 Searing Ray              Conj           ##....       9%          2    ##.....
 Dazzling Spray           Conj/Hex       #.....       30%         3    ###....
 Iskenderun's Mystic Bla  Conj           ##......     50%         4    ####...
 Venom Bolt               Conj/Pois      ###.......   65%         5    ######.
 Force Lance              Conj/Tloc      #.......     69%         4    ####...
 Fulminant Prism          Conj/Hex       #.........   69%         4    ####...


Dungeon Overview and Level Annotations

Branches:
Dungeon (5/15)             Temple (0/1) D:5

Altars:
Dithmenos
Makhleb
Okawaru
Ru
Trog
Wu Jian
Xom
Yredelemnul

Annotations:
D:2 flame clouds loot


Innate Abilities, Weirdness & Mutations

You cannot wear boots.
Your serpentine skin is tough. (AC +2)
You have supernaturally acute eyesight. (SInv)
Armour fits poorly on your strangely shaped body.
Your system is resistant to poisons. (rPois)
You cover ground very slowly.
You have a slow metabolism.
You can spit poison.


Message History

You completely miss the phantom.
The phantom is severely damaged.
The phantom misses you.
You hit the phantom.
The phantom is severely damaged.
The phantom barely misses you.
You hit the phantom but do no damage.
The phantom is severely damaged.
The phantom hits you.
* * * LOW HITPOINT WARNING * * *
The phantom blinks!
The phantom blinks!
You hit the phantom.
The phantom is almost destroyed.
The phantom hits you.
* * * LOW HITPOINT WARNING * * *
You hit the phantom.
The phantom is almost destroyed.
The phantom hits you.
You die...

#.# #..# #.# #.# #.#
#..# #.# #.# #.# #..#
#.# #.##### #<### #..#
#.# #.....# #...#
#..####=# #####.# ###.#
##.>##...# #.# #.#
#...##.### #.# #.#
#.W.##.# #.# #.#
###..@.#.#########.#
##.#
##...............##.#
#..#
#..###.รท#.#..#.#.##.#
#.##
#..#....#.#..#.#.##[# #
#.#
#..###..###..###.##.# #
#.#
#...................# #
#.#
#..###..#.#..#.#.#### #
#.# #..#....#.#..#.#.#
# #.#
#..###..###..###.######


You could see a phantom.

Vanquished Creatures
  2 ogres (D:4)
  A hound (D:4)
  5 worker ants (D:4)
  7 adders
  2 oozes
  5 worms
  3 dart slugs
  An orc (D:4)
  3 giant cockroaches
  6 hobgoblins
  8 kobolds
  A quokka (D:4)
  5 bats
  5 frilled lizards
  15 goblins
  12 rats
81 creatures vanquished.

Notes
Turn   | Place    | Note
-------+----------+-------------------------------------------
     0 | D:1      | 1994 the Naga Venom Mage began the quest for the Orb.
     0 | D:1      | Reached XP level 1. HP: 15/15 MP: 3/3
   167 | D:1      | Reached XP level 2. HP: 22/22 MP: 0/5
   736 | D:1      | Learned a level 2 spell: Poisonous Vapours
   831 | D:1      | Reached XP level 3. HP: 28/28 MP: 2/6
  1444 | D:2      | Learned a level 3 spell: Mephitic Cloud
  1534 | D:2      | Found a sacrificial altar of Ru.
  1542 | D:2      | Became a worshipper of Ru the Awakened
  1761 | D:2      | Found a basalt altar of Yredelemnul.
  1923 | D:2      | Reached XP level 4. HP: 34/37 MP: 4/7
  2021 | D:2      | Found a burning altar of Makhleb.
  2027 | D:2      | Found a shimmering altar of Xom.
  2599 | D:3      | Found an ornate altar of the Wu Jian Council.
  2601 | D:3      | Found a bloodstained altar of Trog.
  2890 | D:3      | Reached skill level 1 in Fighting
  3189 | D:3      | Found a bloodstained altar of Trog.
  3256 | D:3      | Reached skill level 1 in Unarmed Combat
  3281 | D:3      | You fall through a shaft for 2 floors!
  3281 | D:5      | Entered Level 5 of the Dungeon
  3281 | D:5      | Found a staircase to the Ecumenical Temple.
  3292 | D:5      | Reached XP level 5. HP: 44/44 MP: 4/8
  3366 | D:3      | Found a shadowy altar of Dithmenos.
  3366 | D:3      | Found an iron altar of Okawaru.
  3882 | D:4      | Reached skill level 1 in Air Magic
  4178 | D:4      | Reached XP level 6. HP: 49/51 MP: 6/10
  4270 | D:4      | Learned a level 4 spell: Olgreb's Toxic Radiance
  4449 | D:4      | Reached skill level 5 in Poison Magic
  4736 | D:4      | Reached XP level 7. HP: 51/60 MP: 4/12
  5004 | D:4      | HP: 1/60 [phantom (4)]
  5005 | D:4      | Slain by a phantom

Skill      XL: |  1  2  3  4  5  6 |
---------------+-------------------+-----
Stealth        | 4 |  4.6
Dodging        | 2 |  2.5
Fighting       | 1 2 |  2.0
Unarmed Combat | 1 2 |  2.0
Conjurations   | 2 |  2.6
Air Magic      | 1 |  1.8
Poison Magic   | 5 |  5.3
Spellcasting   | 3 |  3.3

Action                   |  1- 3 |  4- 6 |  7- 9 || total
-------------------------+-------+-------+-------++-------
Melee: Unarmed           |    60 |    78 |    51 ||   189
       Punch             |       |     1 |       ||     1
 Cast: Sting             |    64 |    56 |     5 ||   125
       Poisonous Vapours |     2 |    24 |     2 ||    28
Invok: Reject Sacrifices |       |     1 |       ||     1
 Abil: Spit Poison       |     1 |       |       ||     1
  Use: Scroll            |       |       |     3 ||     3
       Potion            |       |       |     2 ||     2
 Stab: Sleeping          |     1 |       |       ||     1
  Eat: Chunk             |     3 |     9 |     1 ||    13
Armor: Robe              |    12 |    15 |     8 ||    35
Dodge: Dodged            |    33 |    53 |    18 ||   104
